 Dungeon Crawl Stone Soup version 0.20.1-1-g8b1a95d (webtiles) character file.

247 equalderp2856 the Chopper (level 5, -2/41 HPs)
             Began as a Mummy Fighter on Oct 28, 2017.
             Slain by Frank's ghost (7 damage)
             ... on level 4 of the Dungeon.
             The game lasted 00:05:28 (4458 turns).

equalderp2856 the Chopper (Mummy Fighter)           Turns: 4458, Time: 00:05:28

Health: -2/41      AC:  6    Str: 19    XL:     5   Next: 85%
Magic:  7/7        EV:  7    Int:  8    God:
Gold:   102        SH:  9    Dex: 12    Spells: 7/7 levels left

rFire    x . .     SeeInvis .   a - +0 war axe
rCold    + . .     Gourm    .   c - +0 shield
rNeg     + + +     Faith    .   b - +0 scale mail
rPois    ∞         Spirit   .   (no helmet)
rElec    .         Reflect  .   (no cloak)
rCorr    .         Harm     .   (no gloves)
MR       .....                  (no boots)
Stlth    +.........             e - amulet of magic regeneration
Regen    0.2/turn               g - ring of stealth
MPRegen  0.2/turn               (no ring)

@: no status effects
A: no food or potions, fire vulnerability, cold resistance 1, negative energy
resistance 3, torment resistance, unbreathing
a: no special abilities


You were on level 4 of the Dungeon.
You were not hungry.

You visited 1 branch of the dungeon, and saw 4 of its levels.

You collected 102 gold pieces.

Inventory:

Hand Weapons
 a - a +0 war axe (weapon)
Armour
 b - a +0 scale mail (worn)
 c - a +0 shield (worn)
Jewellery
 e - an amulet of magic regeneration (around neck)
 g - a ring of stealth (left hand)
 o - an uncursed ring of magical power {unknown}
Wands
 l - a wand of polymorph (0/24)
 m - a wand of lightning (9/15)
Scrolls
 d - 2 scrolls of immolation {unknown}
 f - 4 scrolls of remove curse {unknown}
 h - a scroll of fog {unknown}
 i - 2 scrolls of teleportation {unknown}
 j - a scroll of magic mapping {unknown}
 k - a scroll of recharging {unknown}
 n - 2 scrolls of identify {unknown}


   Skills:
 + Level 3.4 Fighting
 * Level 3.6 Axes
 + Level 3.0 Armour
 + Level 0.7 Dodging
 + Level 0.1 Stealth
 + Level 3.0 Shields
 * Level 1.7 Spellcasting


You had 7 spell levels left.
You didn't know any spells.

Dungeon Overview and Level Annotations

Branches:
Dungeon (4/15)
 Temple: D:4-7

Altars:

Annotations:
D:4 Frank's ghost, novice OpFi


Innate Abilities, Weirdness & Mutations

You do not eat or drink.
Your flesh is vulnerable to fire.
You are immune to poison.
Your flesh is cold resistant. (rC+)
You are immune to negative energy. (rN+++)
You are immune to unholy pain and torment.
You can survive without breathing.


Message History

Frank's ghost is lightly damaged.
You block Frank's ghost's attack.
Frank's ghost whispers, "There is no future for you."
Frank's ghost closely misses you. Frank's ghost hits you!
* * * LOW HITPOINT WARNING * * *
A jelly comes into view.
Frank's ghost says, "You must not fail where I succeeded!"
You see here 16 stones.
The jelly closely misses you.
Frank's ghost screams, "What do you have that I didn't have?"
You barely miss the jelly. You hit Frank's ghost.
The jelly hits you but does no damage. Frank's ghost hits you!
* * * LOW HITPOINT WARNING * * *
The jelly hits you but does no damage.
Your shield prevents you from hitting the jelly.
Your shield and scale mail prevent you from hitting Frank's ghost.
Frank's ghost screams, "You will never get the ORB!"
Frank's ghost hits you!
You die...

#.####.#.#.#. #........[... #.#
######.#...## #<# #.#..## #.#
#.#..# #.# #.#††# #.# #.#..#
#########.######## #.##.#
####...........J@W(.# #.##.#
.......†......#####.######.##.#
####.#######..# #........##.#
#.# #..###############.# #.#
#......# #.# ####.#
##.###.###########.# .....#
#.......)......†..# ######
#####.###########.#
#.............#


You could see a jelly and Frank's ghost.

Vanquished Creatures
  A hound (D:4)
  A worker ant (D:4)
  3 gnolls
  5 adders
  2 oozes
  4 worms
  2 leopard geckos
  9 orcs
  2 ball pythons
  8 bats
  5 giant cockroaches
  8 goblins
  5 hobgoblins
  12 jackals
  2 kobolds
  2 quokkas
  4 frilled lizards
  A leopard gecko skeleton (D:4)
  13 rats
89 creatures vanquished.

Notes
Turn   | Place    | Note
-------+----------+-------------------------------------------
     0 | D:1      | equalderp2856 the Mummy Fighter began the quest for the Orb.
     0 | D:1      | Reached XP level 1. HP: 18/18 MP: 1/1
    51 | D:1      | Reached XP level 2. HP: 11/24 MP: 2/2
   871 | D:1      | Reached XP level 3. HP: 21/29 MP: 3/3
  1587 | D:2      | Found a faded altar of an unknown god.
  1783 | D:2      | Reached skill level 1 in Spellcasting
  2043 | D:2      | Reached XP level 4. HP: 29/35 MP: 5/5
  3142 | D:3      | Reached XP level 5. HP: 30/41 MP: 7/7
  3563 | D:4      | Noticed an ogre
  3948 | D:4      | Noticed a soldier ant
  3948 | D:4      | an ogre changed into a soldier ant
  4392 | D:4      | Noticed Frank's ghost (novice OpFi)
  4458 | D:4      | Slain by Frank's ghost

Skill      XL: |  1  2  3  4  5 |
---------------+----------------+-----
Axes           | 2 3 |  3.6
Spellcasting   | 1 |  1.7
Shields        | 3 |  3.0
Armour         | 3 |  3.0
Fighting       | |  3.4
Dodging        | |  0.7
Stealth        | |  0.1

Action                   |  1- 3 |  4- 6 || total
-------------------------+-------+-------++-------
Melee: War axe           |   166 |   169 ||   335
Evoke: Wand              |       |     2 ||     2
 Stab: Sleeping          |       |     1 ||     1
Armor: Scale mail        |    72 |    76 ||   148
Dodge: Dodged            |    61 |    56 ||   117
Block: Shield            |    84 |    76 ||   160
